Selects Advanced Infantry Battlegroup
Construct Weapon Support Center
Improved M9 Bazooka Rockets
Selects Artillery Observers
Mechanized Support Center
Construct Medical Station
M3 Armored Personnel Carrier
Selects M2A1 105mm Howitzer Emplacement
Selects 155mm Rapid Artillery Barrage
155mm Rapid Artillery Barrage
155mm Rapid Artillery Barrage
Selects Convert to Ranger Squad
Selects Designate Assault Position
155mm Rapid Artillery Barrage